 Dungeon Sprint DCSS version 0.30-a0-439-g9e77e4d916 (webtiles) character file.

Game seed: 5869011529109477177

156 rocky1 the Basher (level 5, -1/75 HPs)
             Began as an Ogre Warper on Dec 11, 2022.
             Was a Priest of Cheibriados.
             Slain by a gnoll
             ... wielding a +0 spear
             ... led by a gnoll bouda
              (8 damage)
             ... in the Dungeon (Sprint VII: "The Pits").
             The game lasted 00:01:12 (271 turns).

rocky1 the Basher (Ogre Warper)                      Turns: 271, Time: 00:01:12

Health: -1/75      AC:  3    Str: 22    XL:     5   Next: 37%
Magic:  8/8        EV: 10    Int: 21    God:    Cheibriados [***...]
Gold:   0          SH:  0    Dex: 17    Spells: 8/8 levels left

rFire   . . .      SeeInvis .    m - +2 mace
rCold   . . .      Faith    .    (no shield)
rNeg    . . .      Spirit   .    b - +0 robe
rPois   .          Reflect  .    (helmet restricted)
rElec   .          Harm     .    (no cloak)
rCorr   .          Rampage  .    (gloves unavailable)
Will    .....      NoTele   +    (boots unavailable)
Stlth   ..........               (no amulet)
HPRegen 0.32/turn                (no ring)
MPRegen 0.11/turn                (no ring)

@: berserking (expiring), very slow
A: large, unfitting armour, tough skin 1
a: Renounce Religion, Bend Time, Temporal Distortion


You were in the Dungeon.
You worshipped Cheibriados.
Cheibriados was most pleased with you.
You visited 1 branch

Inventory:

Hand Weapons
 a - a +0 mace
 m - a +2 mace (weapon)
Missiles
 d - 7 boomerangs of dispersal (quivered)
Armour
 b - a +0 robe (worn)
Scrolls
 c - 2 scrolls of blinking
 k - 5 scrolls of amnesia
 l - a scroll of summoning
Potions
 e - a potion of curing
 g - a potion of haste
 h - 4 potions of magic
 i - a potion of berserk rage
 j - 2 potions of invisibility


   Skills:
 - Level 2.6 Fighting
 + Level 9.7 Maces & Flails
 - Level 1.0 Throwing
 - Level 2.1 Dodging
 - Level 2.4 Spellcasting
 - Level 2.6 Translocations


You had 8 spell levels left.
You didn't know any spells.
Your spell library contained the following spells:

 Spells                   Type           Power      Damage    Failure   Level
 Blink                    Tloc           26%        N/A       7%          2
 Lesser Beckoning         Tloc           26%        N/A       14%         3
 Teleport Other           Tloc           13%        N/A       14%         3
 Vhi's Electric Charge    Tloc/Air       16%        N/A       24%         3
 Manifold Assault         Tloc           13%        N/A       43%         4


Dungeon Overview and Level Annotations

Branches:
Dungeon (1/1)

Altars:
Ashenzari
Cheibriados
Dithmenos
Elyvilon
Fedhas
Gozag
Hepliaklqana
Kikubaaqudgha
Makhleb
Nemelex Xobeh
Okawaru
Qazlal
Ru
Sif Muna
Trog
Uskayaw
Vehumet
Wu Jian
Xom
Yredelemnul
Zin
The Shining One
Jiyva
Lugonu


Innate Abilities, Weirdness & Mutations

You are too large for most types of armour.
You have tough skin. (AC +1)


Message History

The gnoll bouda hits you with a +0 whip.
Unknown command.
You thump the gnoll bouda!
The gnoll bouda is almost dead.
The gnoll closely misses you.
The gnoll bouda mumbles some strange prayers to its god.
The gnoll bouda is healed somewhat.
You hit the gnoll bouda.
The gnoll bouda is almost dead.
The gnoll closely misses you.
The gnoll bouda mumbles some strange prayers to its god.
The gnoll bouda is healed somewhat.
Unknown command.
You sock the gnoll bouda!
You kill the gnoll bouda!
Cheibriados thoroughly appreciates the change of pace.
You can now warp the flow of time around you.
Cheibriados raises the support of your attributes as your movement slows.
The gnoll hits you from afar with a +0 spear.
Your Maces & Flails skill increases to level 9!
You thump the gnoll!
You kill the gnoll!
Cheibriados appreciates the change of pace.
The gnoll hits you from afar with a +0 spear.
* * * LOW HITPOINT WARNING * * *
Unknown command.
A gnoll comes into view. It is wielding a +0 whip.
The gnoll shouts!
The river rat bites you!
* * * LOW HITPOINT WARNING * * *
The gnoll hits you but does no damage.
There is an open door, spattered with blood here.
Items here: )) [ †.
You closely miss the gnoll. The river rat bites you.
* * * LOW HITPOINT WARNING * * *
The gnoll barely misses you.
You closely miss the gnoll. The river rat bites you.
* * * LOW HITPOINT WARNING * * *
The gnoll hits you with a +0 spear!
You die...

############
#_________.#
#_________.#
#_______...###########++
##########'##...........
#.?(.')))'.##......#..#.
##########.##...........
#.....).....'...........
#+#####@#####......#..#.
#..#rg# #...........
#..).g# ####'#####++
#..#### #.......# #..#
#.......# #..# #.......#
##g# #...<...# ...
#.......# #....
#.......#


You could see 2 gnolls and a river rat.

Vanquished Creatures
  A floating eye (D)
  A gnoll bouda (D)
  2 gnolls (D)
  A river rat (D)
  A bat zombie (D)
  A goblin (D)
  A quokka (D)
  A ball python (D)
9 creatures vanquished.

Notes
Turn   | Place    | Note
-------+----------+-------------------------------------------
     0 | D        | rocky1 the Ogre Warper began the quest for the Orb.
     0 | D        | Reached XP level 1. HP: 22/22 MP: 3/3
    18 | D        | Reached skill level 2 in Maces & Flails
    45 | D        | Found a bloodstained altar of Trog.
    45 | D        | Found a shimmering blue altar of Sif Muna.
    45 | D        | Found a viscous altar of Jiyva.
    45 | D        | Found a hazy altar of Hepliaklqana.
    45 | D        | Found an opulent altar of Gozag.
    46 | D        | Found a glowing golden altar of the Shining One.
    46 | D        | Found a glowing silver altar of Zin.
    46 | D        | Found a basalt altar of Yredelemnul.
    46 | D        | Found a shimmering altar of Xom.
    46 | D        | Found an ornate altar of the Wu Jian Council.
    46 | D        | Found a sacrificial altar of Ru.
    46 | D        | Found a stormy altar of Qazlal.
    46 | D        | Found an iron altar of Okawaru.
    46 | D        | Found a sparkling altar of Nemelex Xobeh.
    46 | D        | Found a burning altar of Makhleb.
    46 | D        | Found a blossoming altar of Fedhas.
    46 | D        | Found a white marble altar of Elyvilon.
    46 | D        | Found a shadowy altar of Dithmenos.
    46 | D        | Found a snail-covered altar of Cheibriados.
    49 | D        | Found a corrupted altar of Lugonu.
    49 | D        | Found a radiant altar of Vehumet.
    50 | D        | Found an ancient bone altar of Kikubaaqudgha.
    50 | D        | Found a hide-covered altar of Uskayaw.
    50 | D        | Found a broken altar of Ashenzari.
    59 | D        | Became a worshipper of Cheibriados the Contemplative
    80 | D        | Reached skill level 3 in Maces & Flails
    82 | D        | Reached * piety under Cheibriados
    83 | D        | Reached skill level 4 in Maces & Flails
    83 | D        | Reached XP level 2. HP: 15/29 MP: 5/5
   132 | D        | Noticed a floating eye
   133 | D        | Paralysed by a floating eye for 2 turns
   136 | D        | Killed a floating eye
   137 | D        | Reached skill level 8 in Maces & Flails
   137 | D        | Reached XP level 3. HP: 36/36 MP: 6/6
   137 | D        | Reached XP level 4. HP: 44/44 MP: 7/7
   139 | D        | Reached ** piety under Cheibriados
   263 | D        | Reached XP level 5. HP: 34/50 MP: 8/8
   267 | D        | Reached *** piety under Cheibriados
   268 | D        | Reached skill level 9 in Maces & Flails
   271 | D        | Slain by a gnoll

Illustrated notes

Levels and vault maps discovered:
D:        pitsprint [storerooms_1, entrance_room_1, metal_vault_6, armoury_3,
          mini_pit_1, grid_room_1, main_hall_1, silver_pit, the_coven_1,
          the_vestibule_1, steel_vault_2, golden_pit, hallway_of_sentries,
          crystal_vault_4, iron_vault_4, final_vault]

Skill      XL: |  1  2  3  4  5 |
---------------+----------------+-----
Maces & Flails | 4 8 9 |  9.7
Fighting       | |  2.6
Throwing       | |  1.0
Dodging        | |  2.1
Spellcasting   | |  2.4
Translocations | |  2.6

Action                   |  1- 3 |  4- 6 || total
-------------------------+-------+-------++-------
Melee: Mace              |    17 |    15 ||    32
  Use: Potion            |     1 |     2 ||     3
Armor: Robe              |     8 |     1 ||     9
Dodge: Dodged            |    13 |    11 ||    24

Table legend: (Time is in decaauts)
 A = Elapsed time spent in this place.
 B = Non-inter-level travel time spent in this place.
 C = Inter-level travel time spent in this place.
 D = Time resting spent in this place.
 E = Time spent auto-exploring this place.
 F = Levels seen in this place.
 G = Mean time per level.
                   A        B        C        D        E       F      G
               +--------+--------+--------+--------+--------+-----+--------+
         Total |    297 |    297 |      0 |    155 |      0 |   1 |  297.0 |
       Dungeon |    297 |    297 |      0 |    155 |      0 |   1 |  297.0 |
               +--------+--------+--------+--------+--------+-----+--------+

Top non-repeatable levels by time:
       D: 297 daAuts
